 Dungeon Crawl Stone Soup version 0.30-a0-377-g5cb311bc9f (console) character file.

Game seed: 2803316452335920843

247655 rlgrobin the Maledictor (level 19, -10/108 HPs)
             Began as a Deep Elf Chaos Knight on Nov 27, 2022.
             Was a Plaything of Xom.
             Killed from afar by an ironbound thunderhulk (60 damage)
             ... with a bolt of lightning
             ... on level 2 of the Vaults.
             The game lasted 03:00:18 (40025 turns).

rlgrobin the Maledictor (Deep Elf Chaos Knight)    Turns: 40025, Time: 03:00:18

Health: -10/108    AC: 22    Str: 12    XL:     19   Next: 23%
Magic:  30/49      EV: 24    Int: 24    God:    Xom [...*..]
Gold:   6455       SH:  5    Dex: 21    Spells: 13/50 levels left

rFire   + . .      SeeInvis .    a - +5 dagger (venom)
rCold   + . .      Faith    .    u - orb {guile}
rNeg    . . .      Spirit   .    d - +2 robe {Archmagi}
rPois   .          Reflect  +    y - +2 hat
rElec   .          Harm     .    v - scarf {rC+ rF+}
rCorr   .          Rampage  .    G - +2 pair of gloves
Will    .....      Archmagi +    p - +2 pair of boots
Stlth   ++++++++++ Clarity  +    g - amulet of reflection
HPRegen 0.38/turn                S - +4 ring of protection
MPRegen 0.31/turn                E - ring "Xute" {AC+4 Slay+3}

@: about to teleport
A: beak, talons 2, iridescent scales 1, thin skeletal structure 2, agile 1,
clarity, frail 1, high MP 2, mutation resistance 1, sense surroundings 1, strong
1
}: 1/15 runes: decaying
a: Renounce Religion


You were on level 2 of the Vaults.
You worshipped Xom.
You were a favourite toy of Xom.
You visited 7 branches of the dungeon, and saw 31 of its levels.
You also visited: Bailey and Ice Cave.

You collected 7312 gold pieces.
You spent 857 gold pieces at shops.

Inventory:

Hand Weapons
 a - a +5 dagger of venom (weapon)
 b - the +7 rapier "Nil Xuhi" {freeze, rF+ rCorr Int+2}
   (You found it in a bailey)

   It freezes those it strikes, dealing additional cold damage.
   It can also slow down cold-blooded creatures.
   Int:       It affects your intelligence (+2).
   rF:        It protects you from fire.
   rCorr:     It protects you from acid and corrosion.
 t - the +11 rapier of Discord {chaos, rN+ Int+2}
   (Xom gifted it to you on level 1 of the Vaults)

   Each time it hits an enemy it has a different, random effect.
   Int:       It affects your intelligence (+2).
   rN:        It protects you from negative energy.
Missiles
 i - 46 poisoned darts (quivered)
Armour
 d - a +2 robe of the Archmagi (worn)
 l - a +3 buckler of cold resistance
 p - a +2 pair of boots (worn)
 q - a +2 helmet of see invisible
 u - an orb of guile (worn)
 v - a scarf of resistance (worn)
 y - a +2 hat (worn)
 G - a +2 pair of gloves (worn)
 T - a +2 robe of willpower
Jewellery
 g - an amulet of reflection (around neck)
 n - the amulet of Harobir {Regen+ Int+7}
   (You found it on level 5 of the Lair of Beasts)

   [amulet of regeneration]

   Int:       It affects your intelligence (+7).
   Regen:     It increases your rate of health regeneration.
 w - a ring of protection from cold
 E - the ring "Xute" (right hand) {AC+4 Slay+3}
   (You found it on level 6 of the Dungeon)

   [ring of protection]

   AC:        It affects your AC (+4).
   Slay:      It affects your accuracy & damage with ranged weapons and melee
   (+3).
 O - a ring of protection from fire
 S - a +4 ring of protection (left hand)
Wands
 s - a wand of iceblast (28)
 x - a wand of polymorph (11)
 z - a wand of paralysis (27)
 D - a wand of mindburst (14)
 M - a wand of quicksilver (30)
Scrolls
 j - 2 scrolls of enchant armour
 k - 2 scrolls of fear
 o - 6 scrolls of teleportation
 r - 5 scrolls of amnesia
 H - 5 scrolls of blinking
 N - 3 scrolls of magic mapping
 P - 4 scrolls of enchant weapon
 Q - 13 scrolls of identify
 R - 4 scrolls of butterflies
 V - 3 scrolls of vulnerability
 Y - a scroll of brand weapon
Potions
 e - 5 potions of cancellation
 f - 5 potions of brilliance
 h - 9 potions of curing
 m - 8 potions of might
 B - 6 potions of heal wounds
 C - a potion of resistance
 I - a potion of invisibility
 J - 10 potions of flight
 W - 4 potions of magic
 X - 3 potions of haste
Miscellaneous
 c - a piece from Xom's chessboard (15/15)
 A - a condenser vane
 F - a phantom mirror
 L - a box of beasts
 U - a phial of floods
 Z - a lightning rod (4/4)


   Skills:
 + Level 13.6 Fighting
 - Level 10.0 Short Blades
 - Level 1.2 Throwing
 - Level 0.7 Armour
 - Level 15.2 Dodging
 - Level 20.0 Stealth
 - Level 1.9 Shields
 - Level 16.3 Spellcasting
 - Level 21.0 Hexes
 - Level 3.8 Summonings
 - Level 4.3 Translocations
 - Level 3.1 Transmutations
 - Level 9.0 Earth Magic
 - Level 12.0 Evocations


You had 13 spell levels left.
You knew the following spells:

 Your Spells              Type           Power      Damage    Failure   Level
a - Ensorcelled Hibernat  Hex/Ice        100%       N/A       1%          2
b - Tukima's Dance        Hex            100%       N/A       0%          3
c - Passwall              Tmut/Erth      54%        N/A       1%          2
d - Summon Mana Viper     Hex/Summ       87%        N/A       1%          5
e - Metabolic Englaciati  Hex/Ice        40%        N/A       1%          5
f - Petrify               Tmut/Erth      65%        N/A       2%          4
g - Confusing Touch       Hex            100%       N/A       0%          3
h - Apportation           Tloc           100%       N/A       1%          1
i - Discord               Hex            55%        N/A       3%          8
j - Cause Fear            Hex            55%        N/A       0%          4

Your spell library contained the following spells:

 Spells                   Type           Power      Damage    Failure   Level
 Sandblast                Erth           100%       2d20      1%          1
 Summon Small Mammal      Summ           100%       N/A       1%          1
 Call Imp                 Summ           55%        N/A       1%          2
 Wereblood                Tmut           51%        N/A       1%          2
 Inner Flame              Hex/Fire       81%        N/A       1%          3
 Portal Projectile        Hex/Tloc       100%       N/A       1%          3
 Stone Arrow              Conj/Erth      100%       3d13      1%          3
 Anguish                  Hex/Necr       40%        N/A       1%          4
 Foxfire                  Conj/Fire      100%       2x1d9     2%          1
 Kiss of Death            Conj/Necr      100%       2d13      2%          1
 Magic Dart               Conj           100%       1d8       2%          1
 Necrotise                Necr           100%       1d9       2%          1
 Vhi's Electric Charge    Tloc/Air       90%        N/A       3%          3
 Sublimation of Blood     Necr           29%        N/A       4%          2
 Spider Form              Tmut/Pois      40%        N/A       4%          3
 Frozen Ramparts          Ice            58%        1d9       9%          3
 Mephitic Cloud           Conj/Pois/Air  29%        N/A       9%          3
 Ozocubu's Armour         Ice            29%        N/A       9%          3
 Swiftness                Air            29%        N/A       9%          3
 Summon Ice Beast         Ice/Summ       43%        N/A       12%         4
 Ice Form                 Ice/Tmut       40%        N/A       14%         4
 Summon Forest            Summ/Tloc      28%        N/A       14%         5
 Blade Hands              Tmut           25%        N/A       22%         5
 Dispel Undead            Necr           29%        3d13      28%         4
 Statue Form              Tmut/Erth      43%        N/A       34%         6
 Alistair's Intoxication  Tmut/Pois      26%        N/A       38%         5
 Iron Shot                Conj/Erth      29%        9d6       54%         6
 Arcjolt                  Conj/Air       14%        1d24      61%         5
 Fireball                 Conj/Fire      14%        3d8       61%         5
 Iskenderun's Battlesphe  Conj           29%        2d8       61%         5
 Summon Cactus Giant      Summ           27%        N/A       65%         6
 Starburst                Conj/Fire      14%        6d6       99%         6
 Summon Hydra             Summ           27%        N/A       99%         7
 Ozocubu's Refrigeration  Ice            14%        4d10      100%        7
 Spellforged Servitor     Conj/Summ      21%        N/A       100%        7
 Maxwell's Capacitive Co  Air            14%        ∞         100%        8


Dungeon Overview and Level Annotations

Branches:
Dungeon (14/15)            Temple (1/1) D:7            Lair (5/5) D:8
  Swamp (4/4) Lair:2       Spider (3/4) Lair:3        Slime (0/5) Lair:5
    Orc (2/2) D:11            Elf (0/3) Orc:2        Vaults (2/5) D:14
 Bailey (visited)           IceCv (visited)
  Crypt: Vaults:2-3

Altars:
Ashenzari
Cheibriados
Dithmenos
Elyvilon
Fedhas
Gozag
Hepliaklqana
Kikubaaqudgha
Makhleb
Nemelex Xobeh
Okawaru
Qazlal
Ru
Sif Muna
Trog
Uskayaw
Vehumet
Wu Jian
Xom
Yredelemnul
Zin
The Shining One
Jiyva

Shops:
D:8 *   D:9 *   Orc:1 :   Orc:2 ([*:   Vaults:2 (

Annotations:
D:4 exclusion: necrophage
Swamp:4 1 runed translucent door, Liloh's ghost, adept HuMo


Innate Abilities, Weirdness & Mutations

You have a beak for a mouth.
You have razor-sharp toenails.
You are partially covered in iridescent scales. (AC +2)
You have a moderately thin skeletal structure. (Dex +4, Stealth++)
You are agile. (Dex +4, Str/Int -1)
You possess an exceptional clarity of mind.
You are frail. (-10% HP)
You have a considerably increased reservoir of magic. (+20% MP)
You are somewhat resistant to further mutation.
You passively map a small area around you.
Your muscles are strong. (Str +4, Int/Dex -1)


Message History

The lindwurm bites you! The lindwurm completely misses you.
The lindwurm claws you but does no damage.
You hit the lindwurm.
The lindwurm looks as sick as possible!
You peck the lindwurm, but do no damage.
The lindwurm is almost dead.
You hit the lindwurm.
The lindwurm looks as sick as possible!
You peck the lindwurm, but do no damage.
The lindwurm is almost dead.
The lindwurm closely misses you.
The lindwurm claws you but does no damage.
The lindwurm closely misses you.
A vault warden comes into view. It is wielding a +0 great mace.
The vault warden shouts!
You hit the lindwurm but do no damage.
The lindwurm looks as sick as possible!
You peck the lindwurm, but do no damage.
The lindwurm is almost dead.
The lindwurm closely misses you. The lindwurm misses you.
The lindwurm completely misses you.
You feel much better.
You kill the lindwurm!
An ironbound convoker comes into view. It is wielding a +0 dire flail.
A yaktaur comes into view.
The ironbound convoker begins to recite a word of recall!
You see here a lindwurm corpse.
As you read the scroll of teleportation, it crumbles to dust.
You feel strangely unstable.
A yaktaur comes into view.
The vault warden activates a sealing rune.
A door slams shut!
The yaktaur shouts!
You hear a shout!
The vault sentinel is recalled.
The ironbound thunderhulk is recalled.
The deep troll is recalled.
The vault sentinel blows a loud note on a signal horn!
A yaktaur comes into view. x2
The yaktaur wields a +0 arbalest.
The yaktaur shoots a bolt.
The bolt hits you!
Electricity crackles from the ironbound thunderhulk's apparatus.
The bolt of lightning hits you!!!
Ouch! That really hurt!
You die...
Xom bursts into laughter!

.....#......# , *
.....#......#....# ,
...).#......#....# , ,
.....########....# ,
.................#
...#.....c.......# , ,*
..#.#....c.......#
.#...#...c...p...# ,,,
#..∩..#.........@# , #..# ,...
.#...#...........# ,,,#..# ...
..#.#....c......†# ,,, +..# ...
...#.............# , #..#...
.................# , #..#'####
.................# , ,,#........
...............OT########........
...........[[).pp................
..##########+######..............


You could see a vault warden, an ironbound thunderhulk, a deep troll, a vault
sentinel, an ironbound convoker (catching breath) and 4 yaktaurs.

Vanquished Creatures
  Saint Roka (Vaults:1)
  Jorgrun (D:14)
  A sphinx (Vaults:2)
  2 thorn hunters (Swamp:4)
  Donald (Vaults:1)
  Kirke (Lair:5)
  6 fenstrider witches (Swamp:4)
  2 ghost moths
  Aizul (Spider:1)
  An emperor scorpion (Spider:1)
  6 vault wardens
  2 orc warlords
  A ghoul (Swamp:4)
  12 ironbound preservers
  2 very ugly things (Vaults:1)
  4 broodmothers
  A stone giant (Vaults:1)
  Nessos (Lair:5)
  2 ironbound thunderhulks
  3 eleionomae
  4 dire elephants (Vaults:1)
  Azrael (D:12)
  6 bunyips
  4 spark wasps
  A green death (Swamp:4)
  A blizzard demon (Swamp:4)
  3 entropy weavers
  3 shambling mangroves
  3 yaktaur captains
  A fire dragon (D:14)
  5 vault guards
  A peacekeeper (Vaults:1)
  2 ghost crabs
  A spriggan air mage (Swamp:4)
  A jorogumo (Spider:3)
  2 ogre magi (Swamp:4)
  8 hydras
  5 ironbound frosthearts
  9 alligators
  4 radroaches
  12 centaur warriors
  7 boulder beetles
  4 two-headed ogres
  4 death yaks (IceCv)
  5 orc high priests
  2 soul eaters (Swamp:4)
  Urug (Lair:1)
  10 spriggans
  4 sun moths
  A death drake (Swamp:4)
  5 pharaoh ants
  7 goliath frogs
  A sixfirhy (Swamp:4)
  33 deep trolls
  5 swamp dragons
  4 spriggan druids
  7 bog bodies
  A flayed ghost (Vaults:1)
  3 steelbarb worms
  5 orb spiders
  A glowing orange brain (Orc:1)
  4 harpies (Vaults:2)
  6 ironbound convokers
  A harpy (shapeshifter) (D:14)
  16 wolf spiders
  4 lindwurms
  3 wizards (Vaults:1)
  6 orc knights
  A deep elf zephyrmancer (Swamp:4)
  16 ugly things
  6 deep elf pyromancers
  A shining eye (Vaults:2)
  10 orc sorcerers
  4 moths of wrath
  3 manticores
  5 cyclopes
  2 moths of wrath (shapeshifter)
  A salamander (Spider:1)
  Maurice (D:8)
  4 elephants (Lair:4)
  3 will-o-the-wisps
  2 black mambas
  An orange demon (Swamp:4)
  7 vault sentinels
  Maggie (D:8)
  4 gargoyles
  4 torpor snails
  20 cane toads
  3 rime drakes
  An efreet (D:13)
  5 yaktaurs
  Psyche (D:8)
  2 kobold demonologists (D:12)
  10 komodo dragons
  6 demonic crawlers
  5 hellwings (Swamp:4)
  A queen bee (Lair:5)
  8 trolls
  3 meliai (Spider:2)
  13 polar bears
  10 hornets
  12 tyrant leeches
  19 slime creatures
  20 tarantellas
  22 blink frogs
  A dream sheep (Lair:5)
  A blink frog (shapeshifter) (D:14)
  19 jumping spiders
  14 culicivoras
  A shadow (D:10)
  6 wyverns
  A culicivora (shapeshifter) (D:14)
  69 yaks
  A fire bat (Orc:2)
  A hog (Lair:4)
  6 wraiths
  9 humans (D:14)
  Eustachio (D:5)
  4 basilisks
  2 chaos spawn (Swamp:4)
  30 vampire mosquitoes
  37 redbacks
  A neqoxec (Swamp:4)
  7 wargs
  12 swamp worms
  3 acid dragons
  2 hell hounds (D:12)
  5 water moccasins
  3 sky beasts (D:7)
  8 ice beasts
  3 swamp drakes (Swamp:4)
  36 orc warriors
  A black bear (D:7)
  9 ogres
  25 wolves
  5 centaurs
  A kobold brigand (D:9)
  12 bullfrogs
  A necrophage (D:7)
  2 gnoll sergeants (D:8)
  2 scorpions
  3 wights
  11 killer bees
  4 howler monkeys
  An electric eel (Lair:3)
  4 hounds
  17 orc priests
  Crazy Yiuf (D:3)
  A gnoll bouda (D:6)
  Jessica (D:3)
  2 hell rats (Lair:5)
  An iguana (D:5)
  32 orc wizards
  18 gnolls
  6 adders
  8 river rats
  2 shadow imps
  A white imp (D:11)
  2 ufetubi
  2 worms (D:2)
  3 dart slugs
  68 orcs
  6 ball pythons
  10 endoplasms
  A giant cockroach (D:1)
  5 goblins
  8 hobgoblins
  3 jackals
  2 quokkas
  2 bats
  A frilled lizard (D:1)
  24 kobolds
  10 rats
1116 creatures vanquished.

Vanquished Creatures (collateral kills)
  A war gargoyle (Vaults:1)
  An ironbound preserver (Vaults:1)
  A bunyip (Swamp:3)
  A crystal guardian (Vaults:1)
  A peacekeeper (Vaults:1)
  An ironbound convoker (Vaults:2)
  2 cyclopes (D:10)
  2 will-o-the-wisps (Swamp:4)
  An ice statue (IceCv)
  A cane toad (Lair:2)
  2 yaktaurs (Vaults:1)
  A bloated husk (Swamp:1)
  2 polar bears (Lair:4)
  3 dream sheep (Lair:5)
  A blink frog (Lair:2)
  A jumping spider (Spider:3)
  2 yaks (Lair:2)
  2 fire elementals (D:12)
  A wraith (D:14)
  An orc warrior (Bailey)
  A phantom (D:3)
  3 wights
  Terence (D:3)
  2 orc wizards (D:10)
  A worm (D:4)
  An orc (D:10)
  A ball python (D:1)
  A goblin (Bailey)
  A hobgoblin (D:1)
  3 kobolds (Bailey)
  A frilled lizard (D:1)
44 creatures vanquished.

Vanquished Creatures (others)
  A death drake (Swamp:4)
  A deep troll (Vaults:1)
  A wizard (Swamp:4)
  An ironbound convoker (Vaults:1)
  An orange demon (Swamp:4)
  A bloated husk (Swamp:4)
  2 slime creatures (Vaults:2)
  3 humans
  4 dancing weapons
  An orc priest (D:10)
  2 orc wizards
  23 foxfires
  26 fungi
  125 plants
192 creatures vanquished.

Grand Total: 1352 creatures vanquished

Notes
Turn   | Place    | Note
-------+----------+-------------------------------------------
     0 | D:1      | rlgrobin the Deep Elf Chaos Knight began the quest for the
                  | Orb.
     0 | D:1      | Reached XP level 1. HP: 13/13 MP: 3/3
    29 | D:1      | XOM: divination: detect items
    47 | D:1      | Reached skill level 1 in Stealth
   208 | D:1      | Reached XP level 2. HP: 16/18 MP: 4/4
   244 | D:1      | Found a faded altar of an unknown god.
   382 | D:1      | XOM: smoke on damage
   499 | D:1      | Reached XP level 3. HP: 22/22 MP: 5/5
   558 | D:1      | XOM: cloud trail
   648 | D:1      | XOM: silly message
  1163 | D:2      | XOM: 2-stop teleportation journey
  1276 | D:2      | XOM: summons friendly ufetubus
  1279 | D:2      | Reached skill level 1 in Throwing
  1279 | D:2      | Reached XP level 4. HP: 27/27 MP: 6/6
  1519 | D:3      | Noticed Jessica
  1521 | D:3      | Killed Jessica
  1563 | D:3      | XOM: smoke on damage
  1580 | D:3      | Noticed a phantom
  1609 | D:3      | Reached XP level 5. HP: 31/31 MP: 7/7
  1630 | D:3      | Found a runed translucent door.
  1789 | D:3      | XOM: swap monsters
  1808 | D:3      | XOM: cleaving
  1812 | D:3      | XOM: summons friendly ufetubus
  1813 | D:3      | XOM: summons friendly shadow imp
  1829 | D:3      | Killed a phantom
  1830 | D:3      | Reached skill level 5 in Short Blades
  1888 | D:3      | Noticed Terence
  1889 | D:3      | XOM: divination: detect items
  1905 | D:3      | Killed Terence
  1945 | D:3      | Learned a level 2 spell: Ensorcelled Hibernation
  2198 | D:4      | XOM: summons friendly iron imp
  2199 | D:4      | Reached skill level 1 in Spellcasting
  2199 | D:4      | Reached skill level 1 in Hexes
  2199 | D:4      | Reached XP level 6. HP: 36/36 MP: 7/10
  2435 | D:4      | Found a white marble altar of Elyvilon.
  2471 | D:4      | XOM: swap monsters
  2544 | D:4      | Reached skill level 2 in Hexes
  2987 | D:5      | Entered Level 5 of the Dungeon
  3152 | D:5      | Noticed Eustachio
  3232 | D:5      | Identified the +8 shortbow "Qufaug" {drain, Will+}
  3380 | D:5      | Noticed an ice beast
  3381 | D:5      | XOM: blink monster(s)
  3386 | D:5      | Killed an ice beast
  3387 | D:5      | Reached skill level 3 in Hexes
  3414 | D:5      | Reached XP level 7. HP: 30/40 MP: 14/14
  3634 | D:5      | XOM: summons 2 hostile shadow creatures
  3638 | D:5      | Reached skill level 4 in Hexes
  3701 | D:5      | XOM: give mutations
  3701 | D:5      | Gained mutation: You are partially covered in iridescent
                  | scales. (AC +2) [Xom's mischief]
  3701 | D:5      | Gained mutation: Armour fits poorly on your strangely
                  | shaped body. [Xom's mischief]
  3701 | D:5      | Gained mutation: You passively map a small area around you.
                  | [Xom's mischief]
  3701 | D:5      | Gained mutation: Your spells are a little easier to cast,
                  | but a little less powerful. [Xom's mischief]
  3778 | D:5      | Reached skill level 5 in Hexes
  3942 | D:6      | Found a hide-covered altar of Uskayaw.
  3946 | D:6      | XOM: noise
  3959 | D:6      | Reached skill level 6 in Hexes
  3960 | D:6      | XOM: smoke on damage
  4034 | D:6      | XOM: silly message
  4120 | D:6      | Reached skill level 7 in Hexes
  4145 | D:6      | XOM: give mutation
  4145 | D:6      | Lost mutation: You are partially covered in iridescent
                  | scales. (AC +2) [Xom's mischief]
  4294 | D:6      | Learned a level 3 spell: Tukima's Dance
  4371 | D:6      | Reached skill level 5 in Stealth
  4467 | D:6      | Identified the ring "Xute" {AC+4 Slay+3}
  4648 | D:6      | XOM: give mutations
  4648 | D:6      | Lost mutation: You passively map a small area around you.
                  | [Xom's mischief]
  4648 | D:6      | Gained mutation: Your flesh is heat resistant. (rF+) [Xom's
                  | mischief]
  4694 | D:6      | Reached XP level 8. HP: 42/45 MP: 10/16
  4951 | D:5      | Killed Eustachio
  5035 | D:3      | Noticed Crazy Yiuf
  5041 | D:3      | Killed Crazy Yiuf
  5221 | D:7      | XOM: summons 2 friendly demons
  5370 | D:7      | Reached skill level 10 in Stealth
  5480 | D:7      | XOM: fog
  5488 | D:7      | Reached skill level 5 in Spellcasting
  5488 | D:7      | Reached XP level 9. HP: 31/49 MP: 3/18
  5742 | D:7      | Found a staircase to the Ecumenical Temple.
  5798 | D:7      | XOM: silly message
  5807 | D:7      | Reached skill level 8 in Hexes
  5825 | D:7      | XOM: silly message
  6117 | D:7      | Identified the +1 leather armour of the Hurricane {rF+
                  | Will+ Int-3}
  6120 | D:7      | Found a shimmering blue altar of Sif Muna.
  6285 | D:7      | Found a hazy altar of Hepliaklqana.
  6286 | D:7      | Found a shadowy altar of Dithmenos.
  6373 | D:7      | XOM is BORED!
  6373 | D:7      | XOM: silly message
  6487 | Temple   | Entered the Ecumenical Temple
  6694 | Temple   | XOM: god gift: 568 gold pieces
  6736 | D:8      | Noticed Maggie
  6740 | D:8      | Found a staircase to the Lair.
  6740 | D:8      | Noticed a rime drake
  6743 | D:8      | XOM: fake destruction
  6743 | D:8      | Noticed a polar bear
  6745 | D:8      | Killed Maggie
  6746 | D:8      | Reached skill level 1 in Evocations
  6747 | D:8      | XOM: enchant monster (good)
  6866 | D:8      | XOM: summons 5 friendly demons
  6867 | D:7      | XOM: fake destruction
  6869 | D:7      | a yak changed into a black mamba
  6869 | D:7      | Noticed a black mamba
  6869 | D:7      | XOM: polymorph yak -> black mamba
  6871 | D:7      | XOM: divination: magic mapping
  6873 | D:7      | Killed a black mamba
  6916 | D:8      | Reached skill level 9 in Hexes
  6916 | D:8      | Reached XP level 10. HP: 54/54 MP: 18/21
  6956 | D:8      | XOM: potion effect (brilliance)
  6959 | D:7      | XOM: butterfly on damage
  7098 | D:8      | XOM: cast spell 'Summon Small Mammal'
  7130 | D:8      | XOM: potion effect (invisibility)
  7150 | D:8      | Reached skill level 10 in Hexes
  7151 | D:8      | Noticed a two-headed ogre
  7152 | D:8      | XOM: enchant monster (good)
  7161 | D:8      | XOM: summons friendly quasit
  7167 | D:8      | Killed a two-headed ogre
  7182 | D:8      | Noticed Maurice
  7201 | D:8      | XOM: chaos upgrade
  7206 | D:8      | Killed Maurice
  7207 | D:8      | Reached skill level 11 in Hexes
  7293 | D:8      | XOM: cast spell 'Summon Small Mammal'
  7441 | D:8      | Noticed a centaur warrior
  7450 | D:8      | Killed a centaur warrior
  7451 | D:8      | Reached skill level 12 in Hexes
  7531 | D:8      | Noticed a cyclops
  7535 | D:8      | Killed a cyclops
  7540 | D:8      | Noticed a cyclops
  7542 | D:8      | Killed a cyclops
  7553 | D:8      | XOM is BORED!
  7620 | D:8      | XOM: confuse monster(s)
  7634 | D:8      | Reached XP level 11. HP: 49/58 MP: 23/26
  7634 | D:8      | XOM: summons friendly iron imp
  7651 | D:8      | Reached skill level 10 in Spellcasting
  7748 | D:8      | Found an opulent altar of Gozag.
  7759 | D:8      | XOM: 3-stop teleportation journey
  7834 | D:8      | Noticed Psyche
  7841 | D:8      | Killed Psyche
  7932 | D:8      | You fall into a shaft and drop 2 floors!
  7932 | D:10     | Entered Level 10 of the Dungeon
  7957 | D:10     | Found a blossoming altar of Fedhas.
  7988 | D:10     | XOM: destruction
  8012 | D:10     | XOM: scenery: create altars
  8030 | D:10     | Found a transporter.
  8031 | D:10     | Noticed an orc sorcerer
  8182 | D:10     | Found a flagged portal.
  8191 | Bailey   | Entered a bailey
  8320 | Bailey   | Identified the +7 rapier "Nil Xuhi" {freeze, rF+ rCorr
                  | Int+2}
  8583 | Bailey   | XOM: god gift: 3 datura-tipped darts
  8607 | D:10     | XOM: 3-stop teleportation journey
  8609 | D:10     | Found a transporter.
  8863 | D:10     | XOM: silly message
  8879 | D:10     | XOM: noise
  8922 | D:10     | XOM: summons 1 hostile shadow creature
  9237 | D:9      | XOM: give mutation
  9237 | D:9      | Gained mutation: You occasionally lose the ability to read
                  | scrolls when taking damage. [Xom's mischief]
  9363 | D:9      | Found Fakly's CLEARANCE SALE!.
  9366 | D:9      | Bought a scroll of blinking for 15 gold pieces
  9366 | D:9      | Bought a scroll of teleportation for 6 gold pieces
  9366 | D:9      | Bought a scroll of fear for 8 gold pieces
  9646 | D:9      | XOM: 3-stop teleportation journey
  9657 | D:9      | Learned a level 2 spell: Passwall
  9663 | D:9      | Learned a level 5 spell: Summon Mana Viper
  9745 | D:9      | Found an ornate altar of the Wu Jian Council.
  9843 | D:9      | XOM: stat loss: -1 Str (8/9)
 10123 | D:9      | XOM: give mutations
 10123 | D:9      | Lost mutation: You occasionally lose the ability to read
                  | scrolls when taking damage. [Xom's mischief]
 10123 | D:9      | Gained mutation: You are dopey. (Int -2) [Xom's mischief]
 10168 | D:9      | Identified a scroll of acquirement
 10168 | D:9      | Acquired 1043 gold pieces
 10199 | D:9      | XOM is BORED!
 10199 | D:9      | XOM: summons 1 hostile shadow creature
 10380 | D:8      | Found Gozag's Platinum Reserve.
 10493 | Lair:1   | XOM: stealth player
 10493 | Lair:1   | Entered Level 1 of the Lair of Beasts
 10500 | Lair:1   | XOM: enchant monster (good)
 10639 | Lair:1   | Noticed a boulder beetle
 10645 | Lair:1   | Killed a boulder beetle
 10694 | Lair:1   | XOM: torment (30/58 hp)
 10948 | Lair:1   | Noticed Urug
 10951 | Lair:1   | Killed Urug
 11034 | Lair:1   | XOM: enchant monster (bad)
 11246 | Lair:1   | XOM: 9-stop teleportation journey
 11446 | Lair:1   | Noticed a death yak
 11447 | Lair:1   | Noticed a death yak
 11447 | Lair:1   | Noticed a death yak
 11458 | Lair:1   | a death yak changed into a quicksilver ooze
 11458 | Lair:1   | Noticed a quicksilver ooze
 11458 | Lair:1   | XOM: polymorph death yak -> quicksilver ooze
 11462 | Lair:1   | XOM: noise
 11523 | Lair:2   | Found a staircase to the Swamp.
 11526 | Lair:2   | Reached skill level 13 in Hexes
 11526 | Lair:2   | Reached XP level 12. HP: 64/64 MP: 29/29
 11534 | Lair:2   | Noticed a six-headed hydra
 11549 | Lair:2   | Killed a six-headed hydra
 11667 | Lair:2   | Identified the +1 long sword of Premature Burial {freeze,
                  | rN+ Str+5}
 12005 | Lair:2   | XOM: 1-stop teleportation journey
 12017 | Lair:2   | XOM: polymorph torpor snail -> wolf spider
 12118 | Lair:2   | XOM: summons 9 friendly demons
 12200 | Lair:2   | XOM: scenery: summon butterflies
 12525 | Lair:2   | XOM: cleaving
 12653 | Lair:2   | XOM: summons 9 friendly demons
 12857 | Lair:3   | XOM: cleaving
 12866 | Lair:3   | XOM: potion effect (magic)
 13289 | Lair:3   | Found a hole to the Spider Nest.
 13425 | Lair:3   | XOM: divination: detect creatures
 13507 | Lair:3   | XOM: cloud trail
 13915 | Lair:4   | XOM: scenery: 1 doors open, 1 doors close
 14030 | Lair:4   | Reached skill level 14 in Hexes
 14041 | Lair:4   | Reached skill level 15 in Hexes
 14092 | Lair:4   | XOM: cast spell 'Leda's Liquefaction'
 14160 | Lair:4   | XOM: summons friendly iron imp
 14167 | Lair:4   | XOM: cleaving
 14237 | Lair:4   | Learned a level 5 spell: Metabolic Englaciation
 14308 | Lair:4   | XOM: enchant monster (good)
 14349 | Lair:4   | XOM: cast spell 'Leda's Liquefaction'
 14374 | Lair:4   | XOM: give mutations
 14374 | Lair:4   | Gained mutation: You have hidden genetic potential. [Xom's
                  | grace]
 14374 | Lair:4   | Gained mutation: You are partially covered in iridescent
                  | scales. (AC +2) [Xom's grace]
 14374 | Lair:4   | Gained mutation: You are resistant to electric shocks.
                  | (rElec) [Xom's grace]
 14427 | Lair:4   | XOM: confusion (+ monsters)
 14444 | Lair:4   | Reached skill level 1 in Earth Magic
 14460 | Lair:4   | Reached XP level 13. HP: 72/72 MP: 28/31
 14884 | Lair:4   | XOM: divination: magic mapping
 15001 | Lair:4   | XOM: god gift: 28 gold pieces
 15139 | Lair:4   | XOM: summons 5 friendly demons
 15269 | Lair:5   | Entered Level 5 of the Lair of Beasts
 15282 | Lair:5   | Reached skill level 5 in Earth Magic
 15287 | Lair:5   | Learned a level 4 spell: Petrify
 15509 | Lair:5   | Noticed Nessos
 15529 | Lair:5   | Noticed Kirke
 15529 | Lair:5   | Killed Nessos
 15530 | Lair:5   | XOM: fog
 15724 | Lair:4   | XOM: cloud trail
 15764 | Lair:4   | Reached skill level 1 in Transmutations
 15788 | Lair:4   | XOM: divination: detect creatures
 15830 | Lair:5   | XOM: enchant monster (good)
 15930 | Lair:4   | XOM: give mutations
 15930 | Lair:4   | Gained mutation: You are robust. (+10% HP) [Xom's grace]
 15930 | Lair:4   | Gained mutation: Your movements are slightly less
                  | encumbered by armour. (ER -2) [Xom's grace]
 15930 | Lair:4   | Gained mutation: You have a somewhat thin skeletal
                  | structure. (Dex +2, Stealth+) [Xom's grace]
 15959 | Lair:4   | XOM: god gift: 868 gold pieces
 16030 | Lair:5   | Killed Kirke
 16142 | Lair:5   | XOM: polymorph blink frog -> queen bee
 16162 | Lair:5   | Found a snail-covered altar of Cheibriados.
 16171 | Lair:5   | Reached skill level 5 in Evocations
 16215 | Lair:5   | XOM: confuse monster(s)
 16222 | Lair:5   | XOM: summons 6 friendly demons
 16304 | Lair:5   | XOM: give mutation
 16304 | Lair:5   | Gained mutation: Your system is resistant to poisons.
                  | (rPois) [Xom's grace]
 16459 | Lair:5   | XOM: blink monster(s)
 16508 | Lair:5   | XOM: summons 3 friendly demons
 16668 | Lair:5   | Lost mutation: You are dopey. (Int -2) [hidden potential]
 16756 | Lair:5   | Reached skill level 10 in Dodging
 17278 | Lair:5   | XOM: summons 7 hostile demons
 17425 | Lair:5   | Identified the amulet of Harobir {Regen+ Int+7}
 17445 | Lair:5   | Found a staircase to the Slime Pits.
 17445 | Lair:5   | Found a viscous altar of Jiyva.
 17664 | D:8      | XOM: stat loss: -1 Str (8/9)
 17756 | D:10     | Reached skill level 5 in Fighting
 17897 | D:10     | XOM: god gift: 15 gold pieces
 18027 | D:11     | XOM: scenery: summon butterflies
 18042 | D:11     | Found a frozen archway.
 18055 | D:11     | Reached XP level 14. HP: 53/86 MP: 25/33
 18153 | IceCv    | Entered an ice cave
 18221 | IceCv    | Reached skill level 16 in Hexes
 18227 | IceCv    | Identified the +2 robe of the Jabberwock {rN+ Int+2 Slay+3}
 18387 | IceCv    | XOM: summons friendly ufetubus
 18442 | IceCv    | XOM: polymorph ufetubus -> shadow imp
 18471 | IceCv    | Reached skill level 17 in Hexes
 18661 | IceCv    | XOM: cleaving
 18825 | IceCv    | Reached skill level 18 in Hexes
 18922 | IceCv    | XOM: destruction
 18928 | IceCv    | Reached skill level 19 in Hexes
 18935 | IceCv    | XOM: summons 5 friendly demons
 19066 | IceCv    | Found the +5 demon whip "Spellbinder" {antimagic, Will+}
 19353 | IceCv    | XOM: cleaving
 19769 | D:11     | XOM: fog
 19889 | D:11     | Found a staircase to the Orcish Mines.
 20115 | D:11     | Gained mutation: You possess an exceptional clarity of
                  | mind. [hidden potential]
 20115 | D:11     | Lost mutation: You have hidden genetic potential. [hidden
                  | potential expressed]
 20242 | D:12     | XOM: 3-stop teleportation journey
 20252 | D:12     | Noticed Azrael
 20352 | D:12     | Identified the +1 sling of Evisceration {drain, Drain
                  | Str+4}
 20445 | D:12     | XOM: scenery: 1 doors open, 1 doors close
 20448 | D:12     | XOM: cast spell 'Summon Ice Beast'
 20450 | D:12     | Killed Azrael
 20571 | D:12     | XOM: draining
 20822 | D:12     | XOM: summons 1 hostile demon
 21048 | D:12     | XOM: fog
 21191 | D:13     | Reached skill level 15 in Stealth
 21262 | D:13     | Identified the amulet "Guddep" {Spirit Contam rPois Regen+
                  | Int-3}
 21316 | D:13     | XOM: confuse monster(s)
 21332 | D:13     | XOM: confuse monster(s)
 21660 | D:13     | XOM: 2-stop teleportation journey
 22243 | D:14     | XOM: enchant monster (good)
 22367 | D:14     | Reached XP level 15. HP: 96/96 MP: 29/34
 22422 | D:14     | XOM: give mutations
 22422 | D:14     | Gained mutation: You have large cloven feet. [Xom's grace]
 22422 | D:14     | Gained mutation: You have an increased reservoir of magic.
                  | (+10% MP) [Xom's grace]
 22422 | D:14     | Gained mutation: You have a considerably increased
                  | reservoir of magic. (+20% MP) [Xom's grace]
 22422 | D:14     | Gained mutation: You have a moderately thin skeletal
                  | structure. (Dex +4, Stealth++) [Xom's grace]
 22797 | D:14     | Noticed Jorgrun
 22800 | D:14     | Killed Jorgrun
 22843 | D:14     | XOM: fog
 22863 | D:14     | Identified the +1 tower shield of Daffodils {rC+ Stlth+}
 22986 | D:14     | Found a gate to the Vaults.
 23320 | Orc:1    | Entered Level 1 of the Orcish Mines
 23336 | Orc:1    | XOM: cleaving
 23379 | Orc:1    | XOM: 6-stop teleportation journey
 23520 | Orc:2    | Entered Level 2 of the Orcish Mines
 23525 | Orc:2    | XOM: god gift: 42 gold pieces
 23559 | Orc:2    | XOM: summons 2 friendly demons
 23564 | Orc:1    | Reached skill level 10 in Fighting
 23724 | Orc:2    | XOM: fake destruction
 23788 | Orc:2    | XOM: blink monster(s)
 23790 | Orc:2    | XOM: enchant monster (good)
 23858 | Orc:2    | XOM: god gift: glowing orb {god gift}
 23948 | Orc:2    | Found a staircase to the Elven Halls.
 24009 | Orc:2    | XOM: scenery: create altars
 24100 | Orc:1    | Noticed Josephine
 24101 | Orc:1    | Found Cuhok's Book Emporium.
 24101 | Orc:1    | Josephine changed into Josephine the glowing orange brain
 24101 | Orc:1    | Noticed Josephine
 24101 | Orc:1    | XOM: polymorph Josephine -> Josephine the glowing orange
                  | brain
 24300 | Orc:1    | XOM: scenery: summon butterflies
 24367 | Orc:1    | Killed Josephine the glowing orange brain
 24489 | Orc:1    | Bought a book of Touch for 308 gold pieces
 24493 | Orc:1    | Learned a level 3 spell: Confusing Touch
 24724 | Orc:2    | XOM: god gift: box of beasts
 24957 | Orc:2    | XOM: polymorph orc warrior -> fire bat
 25057 | Orc:2    | XOM: summons 5 hostile demons
 25208 | Orc:2    | XOM: give mutation
 25208 | Orc:2    | Lost mutation: You are resistant to electric shocks.
                  | (rElec) [Xom's mischief]
 25266 | Orc:2    | XOM: give mutations
 25266 | Orc:2    | Lost mutation: You are robust. (+10% HP) [Xom's mischief]
 25266 | Orc:2    | Lost mutation: Armour fits poorly on your strangely shaped
                  | body. [Xom's mischief]
 25266 | Orc:2    | Lost mutation: Your movements are slightly less encumbered
                  | by armour. (ER -2) [Xom's mischief]
 25266 | Orc:2    | Gained mutation: You occasionally lose the ability to read
                  | scrolls when taking damage. [Xom's mischief]
 25334 | Orc:2    | XOM: enchant monster (bad)
 25340 | Orc:2    | XOM: divination: magic mapping
 25745 | Orc:2    | Found Gydea's General Store.
 25746 | Orc:2    | Found Litao's Book Emporium.
 25748 | Orc:2    | Found Wosea's Antique Armour Emporium.
 25748 | Orc:2    | Found Luajen's Antique Weapon Shoppe.
 25753 | Orc:2    | Bought a scroll of vulnerability for 52 gold pieces
 25774 | Orc:2    | XOM: cloud trail
 26029 | Spider:1 | Entered Level 1 of the Spider Nest
 26070 | Spider:1 | XOM: polymorph culicivora -> salamander
 26084 | Spider:1 | XOM: silly message
 26085 | Spider:1 | XOM: 2-stop teleportation journey
 26104 | Spider:1 | XOM is BORED!
 26104 | Spider:1 | XOM: chaos cloud
 26415 | Spider:1 | XOM: fog
 26514 | Spider:1 | Noticed an emperor scorpion
 26516 | Spider:1 | Killed an emperor scorpion
 26585 | Spider:1 | Noticed Aizul
 26586 | Spider:1 | XOM: potion effect (might)
 26723 | Spider:1 | XOM: divine lightning
 26726 | Spider:1 | Killed Aizul
 26971 | Spider:1 | Learned a level 1 spell: Apportation
 27088 | Spider:1 | XOM: divination: detect items
 27712 | Spider:2 | Reached XP level 16. HP: 100/100 MP: 43/43
 27727 | Spider:2 | XOM: silly message
 28063 | Spider:2 | XOM: silly message
 28189 | Spider:2 | Reached skill level 10 in Short Blades
 28432 | Spider:2 | XOM: 1-stop teleportation journey
 29229 | Spider:2 | You fall into a shaft and drop 1 floor!
 29371 | Spider:3 | XOM: cleaving
 29854 | Spider:3 | Reached skill level 15 in Spellcasting
 30010 | Spider:3 | XOM is BORED!
 30010 | Spider:3 | XOM: noise
 30067 | Spider:3 | XOM: polymorph wolf spider -> glowing shapeshifter
 30276 | Spider:3 | XOM: noise
 30462 | Spider:3 | XOM: confuse monster(s)
 30475 | Spider:3 | XOM: summons friendly ufetubus
 31006 | Spider:2 | XOM: cleaving
 31374 | D:10     | XOM: scenery: 1 doors open, 2 doors close
 31460 | Orc:2    | Bought a book of Hexes for 468 gold pieces
 31469 | Orc:2    | Learned a level 8 spell: Discord
 31726 | Swamp:1  | Entered Level 1 of the Swamp
 31732 | Swamp:1  | Reached skill level 1 in Translocations
 32008 | Swamp:1  | XOM: 2-stop teleportation journey
 32087 | Swamp:1  | XOM: give mutations
 32087 | Swamp:1  | Lost mutation: Your spells are a little easier to cast, but
                  | a little less powerful. [Xom's grace]
 32087 | Swamp:1  | Gained mutation: You are agile. (Dex +4, Str/Int -1) [Xom's
                  | grace]
 32087 | Swamp:1  | Gained mutation: You are somewhat resistant to further
                  | mutation. [Xom's grace]
 32172 | Swamp:1  | XOM: scenery: summon butterflies
 32203 | Swamp:1  | XOM: summons friendly quasit
 32714 | Swamp:2  | XOM: summons 8 friendly demons
 32761 | Swamp:3  | Reached XP level 17. HP: 104/104 MP: 43/46
 32804 | Swamp:3  | XOM: confuse monster(s)
 32845 | Swamp:3  | XOM: destruction
 32856 | Swamp:3  | XOM: chaos cloud
 32928 | Swamp:3  | XOM: divination: magic mapping
 33065 | Swamp:3  | Acquired 673 gold pieces
 33089 | Swamp:3  | XOM: silly message
 33250 | Swamp:3  | XOM: god gift: potion of magic
 33321 | Swamp:3  | XOM: swap monsters
 33359 | Swamp:3  | XOM: swap monsters
 33408 | Swamp:3  | XOM: enchant monster (bad)
 33435 | Swamp:3  | XOM: 8-stop teleportation journey
 33513 | Swamp:3  | XOM: god gift: scroll of enchant armour
 34002 | Swamp:2  | XOM: summons 4 friendly demons
 34020 | Swamp:2  | XOM: summons friendly crimson imp
 34038 | Swamp:2  | XOM: 2-stop teleportation journey
 34043 | Swamp:2  | XOM: polymorph bunyip -> glowing shapeshifter
 34580 | Swamp:4  | Entered Level 4 of the Swamp
 34596 | Swamp:4  | Reached skill level 20 in Hexes
 34803 | Swamp:4  | Identified the +5 quarterstaff of Wounding {vorpal, *Rage
                  | rCorr MP+9 Dex+5}
 34901 | Swamp:4  | Found a sacrificial altar of Ru.
 34949 | Swamp:4  | Reached skill level 10 in Evocations
 35243 | Swamp:4  | XOM: noise
 35269 | Swamp:4  | XOM: stat loss: -1 Dex (21/22)
 35308 | Swamp:4  | XOM: silly message
 35540 | Swamp:4  | Found a runed translucent door.
 35540 | Swamp:4  | Noticed Liloh's ghost (adept HuMo)
 35549 | Swamp:4  | XOM: polymorph tyrant leech -> bunyip
 35616 | Swamp:4  | XOM: 1-stop teleportation journey
 35625 | Swamp:4  | XOM: swap monsters
 36173 | Swamp:4  | XOM: silly message
 36191 | Swamp:4  | XOM: summons 5 hostile demons
 36238 | Swamp:4  | XOM: give mutations
 36238 | Swamp:4  | Lost mutation: You occasionally lose the ability to read
                  | scrolls when taking damage. [Xom's mischief]
 36238 | Swamp:4  | Lost mutation: Your flesh is heat resistant. (rF+) [Xom's
                  | mischief]
 36342 | Swamp:4  | Got a decaying rune of Zot
 36475 | Swamp:4  | Reached XP level 18. HP: 112/112 MP: 42/47
 36477 | Swamp:4  | XOM: confuse monster(s)
 36708 | D:8      | Learned a level 4 spell: Cause Fear
 36854 | Vaults:1 | Entered Level 1 of the Vaults
 36967 | Vaults:1 | XOM: 1-stop teleportation journey
 36993 | Vaults:1 | XOM: fake destruction
 36995 | Vaults:1 | XOM: polymorph lindwurm -> steelbarb worm
 37160 | Vaults:1 | XOM: blink monster(s)
 37161 | Vaults:1 | Reached skill level 21 in Hexes
 37278 | Vaults:1 | Reached skill level 1 in Shields
 37554 | Vaults:1 | Reached skill level 15 in Dodging
 37638 | Vaults:1 | XOM: destruction
 37643 | Vaults:1 | XOM: give mutations
 37643 | Vaults:1 | Lost mutation: Your system is resistant to poisons. (rPois)
                  | [Xom's mischief]
 37643 | Vaults:1 | Lost mutation: You are partially covered in iridescent
                  | scales. (AC +2) [Xom's mischief]
 37643 | Vaults:1 | Gained mutation: You are frail. (-10% HP) [Xom's mischief]
 37680 | Vaults:1 | Identified the +11 rapier of Discord {venom, rN+ Int+2}
                  | (Xom gifted it to you on level 1 of the Vaults)
 37680 | Vaults:1 | XOM: god gift: +11 rapier of Discord {chaos, rN+ Int+2}
 37740 | Vaults:1 | XOM: fog
 37752 | Vaults:1 | XOM: silly message
 37797 | Vaults:1 | XOM: summons friendly iron imp
 37873 | Vaults:1 | XOM: divination: detect items
 37893 | Vaults:1 | XOM: smoke on damage
 38088 | Vaults:1 | Noticed Saint Roka
 38101 | Vaults:1 | XOM: confuse monster(s)
 38112 | Vaults:1 | XOM: confuse monster(s)
 38123 | Vaults:1 | Killed Saint Roka
 38354 | Vaults:1 | Noticed Donald
 38367 | Vaults:1 | Killed Donald
 38390 | Vaults:1 | Identified the +11 rapier of Makhleb's Indignation {vorpal,
                  | *Rage rElec rPois}
 38640 | Vaults:1 | XOM: give mutations
 38640 | Vaults:1 | Gained mutation: Your muscles are strong. (Str +4, Int/Dex
                  | -1) [Xom's grace]
 38640 | Vaults:1 | Gained mutation: You have hoof-like feet. [Xom's grace]
 38640 | Vaults:1 | Gained mutation: You have a beak for a mouth. [Xom's grace]
 38919 | Vaults:2 | XOM: give mutations
 38919 | Vaults:2 | Gained mutation: You passively map a small area around you.
                  | [Xom's grace]
 38919 | Vaults:2 | Lost mutation: You have hoof-like feet. [Xom's grace]
 38919 | Vaults:2 | Lost mutation: You have large cloven feet. [Xom's grace]
 38919 | Vaults:2 | Gained mutation: You have sharp toenails. [Xom's grace]
 38919 | Vaults:2 | Gained mutation: You have razor-sharp toenails. [Xom's
                  | grace]
 38919 | Vaults:2 | Gained mutation: You are partially covered in iridescent
                  | scales. (AC +2) [Xom's grace]
 38984 | Vaults:2 | XOM: polymorph orc knight -> shining eye
 39188 | Vaults:2 | Identified the +2 rapier of Waej {vorpal, Dex+5}
 39423 | Vaults:2 | Found Huuret's Antique Weapon Boutique.
 39487 | Vaults:2 | XOM: silly message
 39493 | Vaults:2 | XOM: potion effect (might)
 39506 | Vaults:2 | Reached XP level 19. HP: 106/106 MP: 42/49
 39551 | Vaults:2 | XOM: 4-stop teleportation journey
 39619 | Vaults:2 | XOM: potion effect (haste)
 39637 | Vaults:2 | XOM: enchant monster (bad)
 39688 | Vaults:1 | XOM: divination: magic mapping
 39732 | Vaults:2 | XOM: enchant monster (good)
 39757 | Vaults:2 | XOM: confuse monster(s)
 39763 | Vaults:2 | XOM: enchant monster (good)
 39765 | Vaults:2 | XOM: 1-stop teleportation journey
 39937 | Vaults:2 | XOM: noise
 40025 | Vaults:2 | Killed from afar by an ironbound thunderhulk

Illustrated notes

Levels and vault maps discovered:
D:1:      dpeg_chamrin_arrival_tetris, layout_basic,
          ebering_ecumenical_altar_ruins, moated_statue, minmay_bisected
D:2:      layout_rooms, chequers_serial_rivers_marsh
D:3:      layout_rooms, uniq_terence, uniq_crazy_yiuf_cottage, uniq_jessica
D:4:      layout_basic, nicolae_elyvilon_peaceful_grove, nicolae_titane
D:5:      layout_basic, minmay_misc_feat_plants,
          minmay_a_box_with_orc_wizards_in_it, uniq_eustachio
D:6:      layout_loops_cross, mainiacjoe_overflow_brackets
D:7:      layout_cave_pools, kennysheep_little_box,
          riverfiend_overflow_shadow_ancestor, minmay_temple_entry_junction_2,
          kennysheep_generic_room_8
D:8:      layout_basic, nicolae_gozag_zags_fifth_avenue,
          hellmonk_lair_entry_icy, minmay_radiant, uniq_maggie, uniq_maurice,
          uniq_psyche
D:9:      layout_basic, mainiacjoe_overflow_boulevard, serial_curves,
          eino_curves_03, eino_curves_03, nicolae_shop_clearance
D:10:     gammafunk_beogh_shrine, layout_cave_pools,
          mainiacjoe_overflow_24_doors, enter_bailey_8
D:11:     layout_rooms, orc_0_dummy, serial_ice, serial_ice_l, serial_ice_c,
          serial_ice_d, serial_ice_e, portal_ice_cave_rime
D:12:     layout_roguey, uniq_azrael
D:13:     layout_roguey, minmay_diced_spiral
D:14:     minmay_curly_fans, layout_loops_cross, ximxim_vaults_locker_room,
          nicolae_figureground_pulse, uniq_jorgrun
Temple:   eino_temple_water
Lair:1:   layout_loops_ring, uniq_urug
Lair:2:   layout_gridlike, swamp_mist
Lair:3:   layout_gridlike, spider_nest_entry_rubble, pond
Lair:4:   layout_regular_city, cheibrodos_lair_lostbears, grunt_megastairs_3
Lair:5:   minmay_lair_end_frog_pond, layout_misc_corridors, slime_entry_1,
          basic_altar, kennysheep_rathole, uniq_kirke, uniq_nessos
Swamp:1:  layout_basic_swamp, nicolae_swamp_little_tower,
          nicolae_swamp_well_well_well
Swamp:2:  layout_basic_swamp, hangedman_swamp_pad
Swamp:3:  layout_basic_swamp, nicolae_swamp_big_swirl,
          nicolae_swamp_catching_bugs
Swamp:4:  nzn_swamp_witches_coven, layout_basic_swamp,
          hellmonk_ghost_happy_afterlife, swamp_pool5, nicolae_swamp_godswood
Spider:1: layout_chambers, hangedman_spider_tarantella_strand, uniq_aizul
Spider:2: layout_chambers
Spider:3: layout_spider_delve
Orc:1:    layout_caves, serial_shops, shop, uniq_josephine
Orc:2:    st_orc_congregation, layout_diamond_mine
Vaults:1: v_misc_17, nicolae_vaults_an_arrangement, nicolae_vaults_big_ls,
          hangedman_vaults_restitches, vaults_mumra_hexcomb,
          ontoclasm_vaults_ring_large, vaults_room_pools, ontoclasm_vaults_spin,
          nicolae_vaults_shelves_hall, v_misc_15, layout_vaults_omnicross,
          uniq_saint_roka, uniq_donald
Vaults:2: st_diamondy, vaults_room_fours, nicolae_vaults_specimen_jars,
          vaults_mumra_hex, nicolae_vaults_mini_display_case,
          layout_vaults_chaotic_city, serial_shops, nicolae_diamond_shop

Skill      XL: |  1  2  3  4  5  6  7  8  9 10 11 12 13 14 15 16 17 18 19 |
---------------+----------------------------------------------------------+-----
Stealth        | 2 3 4 5 10 12 13 15 17 20 | 20.0
Throwing       | 1 |  1.2
Short Blades   | 4 5 7 8 10 | 10.0
Spellcasting   | 1 3 4 5 6 9 11 12 13 14 16 | 16.3
Hexes          | 1 3 7 9 12 13 15 19 20 21 | 21.0
Dodging        | 6 7 9 11 12 14 15 | 15.2
Evocations     | 4 7 9 12 | 12.0
Summonings     | 3 |  3.8
Fighting       | 4 5 8 11 12 13 | 13.6
Earth Magic    | 1 6 7 9 |  9.0
Transmutations | 3 |  3.1
Translocations | 4 |  4.3
Shields        | 1 |  1.9
Armour         | |  0.7

Action                   |  1- 3 |  4- 6 |  7- 9 | 10-12 | 13-15 | 16-18 | 19-21 || total
-------------------------+-------+-------+-------+-------+-------+-------+-------++-------
Melee: Short sword       |   120 |    28 |       |       |       |       |       ||   148
       Dagger            |       |    85 |   208 |   268 |   767 |   576 |    42 ||  1946
       Punch             |       |       |     4 |     6 |     2 |       |       ||    12
       Rapier            |       |       |       |       |    95 |    27 |       ||   122
       Peck              |       |       |       |       |       |     5 |    13 ||    18
 Fire: Shortbow          |       |    15 |    21 |     6 |       |       |       ||    42
Throw: Dart              |    16 |     8 |     5 |     1 |     1 |     2 |       ||    33
 Cast: Ensorcelled Hiber |       |       |    47 |   175 |   313 |   302 |    27 ||   864
       Tukima's Dance    |       |       |    11 |     3 |     1 |       |       ||    15
       Passwall          |       |       |       |     1 |     1 |     4 |       ||     6
       Petrify           |       |       |       |       |    57 |    64 |     4 ||   125
       Summon Mana Viper |       |       |       |       |    13 |    12 |       ||    25
       Metabolic Englaci |       |       |       |       |     7 |       |     1 ||     8
       Discord           |       |       |       |       |       |     2 |     1 ||     3
       Confusing Touch   |       |       |       |       |       |     1 |       ||     1
Evoke: Piece from Xom's  |     3 |       |       |       |       |       |       ||     3
       Wand              |       |       |     2 |    25 |       |       |       ||    27
       Phial of floods   |       |       |       |     1 |       |       |       ||     1
       Phantom mirror    |       |       |       |       |     1 |       |       ||     1
       Condenser vane    |       |       |       |       |       |     1 |       ||     1
  Use: Potion            |       |       |     1 |     1 |     8 |     1 |     1 ||    12
       Scroll            |       |       |    13 |    14 |    13 |    10 |     1 ||    51
 Stab: Sleeping          |     7 |     8 |    30 |   111 |   270 |   316 |    24 ||   766
       Confused          |       |     2 |       |       |     1 |     2 |     1 ||     6
       Distracted        |       |       |     1 |     1 |     5 |     3 |       ||    10
       Invisible         |       |       |       |     4 |       |       |       ||     4
       Paralysed         |       |       |       |     1 |       |       |       ||     1
       Petrifying        |       |       |       |     2 |    38 |    35 |       ||    75
       Petrified         |       |       |       |       |    26 |    27 |     2 ||    55
Armor: Leather armour    |    23 |    20 |    71 |    78 |    36 |       |       ||   228
       Robe              |       |       |       |       |   163 |   157 |    11 ||   331
Dodge: Dodged            |    56 |    50 |   110 |   136 |   562 |   428 |    57 ||  1399
Block: Other             |    23 |    20 |    43 |    56 |    31 |       |       ||   173
       Reflection        |     1 |       |     1 |     7 |    10 |     2 |     1 ||    22
       Orb               |       |       |       |       |    98 |    96 |    10 ||   204

Table legend: (Time is in decaauts)
 A = Elapsed time spent in this place.
 B = Non-inter-level travel time spent in this place.
 C = Inter-level travel time spent in this place.
 D = Time resting spent in this place.
 E = Time spent auto-exploring this place.
 F = Levels seen in this place.
 G = Mean time per level.
                   A        B        C        D        E       F      G
               +--------+--------+--------+--------+--------+-----+--------+
         Total |  39624 |  37334 |   2290 |   7756 |  19890 |  33 | 1200.7 |
       Dungeon |  14531 |  13262 |   1269 |   2008 |   7937 |  14 | 1037.9 |
        Temple |    228 |    210 |     18 |      0 |    192 |   1 |  228.0 |
          Lair |   7343 |   6861 |    482 |   1750 |   3414 |   5 | 1468.6 |
         Swamp |   5086 |   4938 |    148 |   1048 |   2597 |   4 | 1271.5 |
   Spider Nest |   5123 |   5035 |     88 |   1279 |   2752 |   3 | 1707.7 |
  Orcish Mines |   2588 |   2385 |    203 |    706 |    856 |   2 | 1294.0 |
        Vaults |   2847 |   2767 |     80 |    563 |   1331 |   2 | 1423.5 |
        Bailey |    410 |    410 |      0 |     30 |    169 |   1 |  410.0 |
      Ice Cave |   1464 |   1464 |      0 |    370 |    639 |   1 | 1464.0 |
               +--------+--------+--------+--------+--------+-----+--------+

Top non-repeatable levels by time:
 Swamp:4: 2064 daAuts
  Lair:4: 1927 daAuts
Vaults:1: 1836 daAuts
Spider:2: 1829 daAuts
   Orc:2: 1764 daAuts
  Lair:5: 1725 daAuts
Spider:1: 1690 daAuts
Spider:3: 1603 daAuts
     D:7: 1537 daAuts
  Lair:2: 1511 daAuts
   IceCv: 1464 daAuts
    D:14: 1340 daAuts
     D:8: 1313 daAuts
    D:10: 1271 daAuts
 Swamp:3: 1189 daAuts
